 Dungeon Crawl Stone Soup version 0.19.4 (webtiles) character file.

16 volk64 the Digger (level 2, 0/20 HPs)
             Began as a Draconian Earth Elementalist on Feb 3, 2017.
             Slain by a bat (1 damage)
             ... on level 1 of the Dungeon.
             The game lasted 00:04:05 (395 turns).

volk64 the Digger (Draconian Earth Elementalist)     Turns: 395, Time: 00:04:05

Health: 0/20       AC:  4    Str: 10    XL:     2   Next: 37%
Magic:  2/5        EV: 12    Int: 15    God:
Gold:   29         SH:  0    Dex: 11    Spells: 2 memorised, 2 levels left

rFire  . . .     SeeInvis .     e - +0 club
rCold  . . .     Gourm    .     (armour unavailable)
rNeg   . . .     Faith    .     (no shield)
rPois  .         Spirit   .     (helmet restricted)
rElec  .         Reflect  .     (no cloak)
rCorr  .         Harm     .     (no gloves)
MR     .....                    (no boots)
Stlth  ++........               g - amulet of rage
                                (no ring)
                                (no ring)

@: very slightly contaminated
A: unfitting armour, cold-blooded, AC +4
a: Evoke Berserk Rage


You were on level 1 of the Dungeon.
You were not hungry.

You visited 1 branch of the dungeon, and saw 1 of its levels.

You collected 29 gold pieces.

Inventory:

Hand Weapons
 e - a +0 club (weapon)
Missiles
 b - 26 stones (quivered)
Jewellery
 g - an amulet of rage (around neck)
 j - an uncursed amulet of guardian spirit {unknown}
 k - an uncursed amulet of faith {unknown}
Books
 d - a book of Geomancy

   Spells                             Type                      Level
   a - Sandblast                      Earth                        1
   b - Passwall                       Transmutation/Earth          2
   c - Stone Arrow                    Conjuration/Earth            3
   d - Petrify                        Transmutation/Earth          4
   e - Lee's Rapid Deconstruction     Earth                        5
Comestibles
 a - 5 chunks of flesh
 c - a bread ration
 f - 2 meat rations
 h - 3 fruits


   Skills:
 + Level 2.0 Dodging
 + Level 1.9 Stealth
 + Level 2.1 Spellcasting
 + Level 1.0 Transmutations
 + Level 3.5 Earth Magic


You had 2 spell levels left.
You knew the following spells:

 Your Spells              Type           Power        Failure   Level  Hunger
a - Sandblast             Erth           ##....       6%          1    #......
b - Passwall              Tmut/Erth      #.........   14%         2    ###....


Dungeon Overview and Level Annotations

Branches:
Dungeon (1/15)

Altars:


Innate Abilities, Weirdness & Mutations

Your plain brown scales are hard. (AC +4)
You cannot fit into any form of body armour.
You are cold-blooded and may be slowed by cold attacks.


Message History

You closely miss the kobold. The goblin hits you with a dagger.
The kobold hits you.
* * * LOW HITPOINT WARNING * * *
You are too injured to fight recklessly!
Found a stone staircase leading down.
You see here a giant cockroach corpse.
You hit the goblin but do no damage.
Your tail-slap misses the goblin.
The bat hits you but does no damage. The goblin hits you but does no damage.
You closely miss the goblin. The goblin hits you with a dagger.
* * * LOW HITPOINT WARNING * * *
The bat hits you but does no damage. The kobold hits you but does no damage.
The goblin hits you but does no damage. The bat barely misses you.
The kobold hits you but does no damage.
You hit the goblin but do no damage. The bat closely misses you.
The bat barely misses you. The goblin hits you but does no damage.
The kobold barely misses you.
You hit the goblin.
The goblin is moderately wounded.
The bat hits you.
You die...

. . ##......>...# .
...........# .
#..........# .
#..........$ .
###..........# . .
............. # ..
#.#......[.# ...
###..K@..#....
.....#....#gb...#
####...##........#.#....
#......#..#..#.#.....#..
..##...#.#.......#...# #
...........#.#.....###
........###..#.#.#..
.....##.#... ......#.
...####...# ..... ..#


You could see a goblin, a bat and a kobold.

Vanquished Creatures
  2 bats (D:1)
  A giant cockroach (D:1)
  6 goblins (D:1)
  A hobgoblin (D:1)
  A frilled lizard (D:1)
  3 kobolds (D:1)
14 creatures vanquished.

Notes
Turn   | Place    | Note
-------+----------+-------------------------------------------
     0 | D:1      | volk64 the Draconian Earth Elementalist began the quest for the Orb.
     0 | D:1      | Reached XP level 1. HP: 14/14 MP: 3/3
   114 | D:1      | Reached XP level 2. HP: 12/20 MP: 1/5
   138 | D:1      | Learned a level 2 spell: Passwall
   393 | D:1      | HP: 1/20 [goblin/dagger (4)]
   395 | D:1      | Slain by a bat

Skill      XL: |  1  2 |
---------------+-------+-----
Dodging        | 2 |  2.0
Stealth        | |  1.9
Spellcasting   | |  2.1
Transmutations | |  1.0
Earth Magic    | |  3.5

Action                   || total
-------------------------++-------
Melee: Club              ||    36
       Tailslap          ||     4
 Cast: Sandblast         ||    15
       Passwall          ||     2
  Use: Scroll            ||     1
 Stab: Sleeping          ||     1
Armor: Skin              ||    37
Dodge: Dodged            ||    55
